[Event "Titled Tuesday Blitz July 4 Early 2023"]
[White "Niekras, Dawid"]
[Black "Korkmaz, Necmettin"]
[WhiteFideId "1160451"]
[BlackFideId "6303285"]
[WhiteElo "2628"]
[BlackElo "2509"]
[Result "1/2-1/2"]
[Round "4"]
[TimeControl "180+2"]
[Date "2023.07.04"]
[WhiteClock "0:00:05"]
[BlackClock "0:00:27"]
[Board "113"]

1. e4 e6 2. d4 d5 3. e5 c5 4. c3 Nc6 5. Nf3 Qb6 6. Bd3 cxd4 7. O-O Bd7 8. Re1 Nge7 9. h4 Nf5 10. Bxf5 exf5 11. cxd4 Be6 12. Nc3 Be7 13. Re3 O-O 14. Ne2 Rac8 15. a3 Na5 16. Ne1 Bxh4 17. Rh3 Be7 18. Nf4 h6 19. b4 Nc4 20. Nh5 f4 21. Rh1 g5 22. Nf6+ Bxf6 23. exf6 Bf5 24. Rxh6 Bg6 25. Qg4 Qxf6 26. Nf3 Qg7 27. Qxg5 Be4 28. Qxf4 Bxf3 29. Qxf3 Rc6 30. Rxc6 bxc6 31. Bf4 Re8 32. Rd1 Re4 33. Be3 Qg6 34. g3 Re6 35. Kg2 Rf6 36. Qe2 Qe4+ 37. Kg1 Re6 38. Re1 Nxe3 39. Qxe3 Qg4 40. Qd2 Rxe1+ 41. Qxe1 Qxd4 42. Qe8+ Kg7 43. Qxc6 Qe4 44. Qc3+ d4 45. Qb2 f6 46. Kf1 d3 47. f3 Qxf3+ 48. Qf2 Qd1+ 49. Kg2 d2 50. Qxa7+ Kg6 51. Qa6 Qe1 52. Qd3+ Kg5 53. Qd5+ Kg6 54. Qg8+ Kf5 55. Qd5+ Kg4 56. Qg8+ Kh5 57. Qh7+ Kg5 58. Qg8+ Kf5 59. Qd5+ Kg6 60. Qg8+ Kh6 61. Qh8+ Kg5 62. Qg8+ Kf5 1/2-1/2


[Site "https://www.chess.com"]

[Event "Titled Tuesday Blitz July 4 Early 2023"]
[White "Taichman, Ori"]
[Black "Rottenwohrer Suarez, Juan"]
[WhiteFideId "2804069"]
[BlackFideId "32068182"]
[WhiteElo "2622"]
[BlackElo "2501"]
[Result "0-1"]
[Round "4"]
[TimeControl "180+2"]
[Date "2023.07.04"]
[WhiteClock "0:00:08"]
[BlackClock "0:00:08"]
[Board "114"]

1. e4 c5 2. Nf3 g6 3. d4 cxd4 4. Qxd4 Nf6 5. Nc3 Nc6 6. Qa4 d6 7. e5 dxe5 8. Nxe5 Bd7 9. Nxd7 Qxd7 10. Be3 Bg7 11. Rd1 Qf5 12. Bd3 Qa5 13. Bb5 Qxa4 14. Nxa4 Rc8 15. Bxa7 O-O 16. Be3 Nb4 17. c3 Nc2+ 18. Ke2 Nxe3 19. fxe3 Ne4 20. Nb6 Rcd8 21. Bd3 Nc5 22. Rd2 Rd6 23. Nc4 Re6 24. h4 h5 25. Bc2 Bh6 26. Rh3 Ra8 27. a3 b5 28. Rd5 bxc4 29. Rxc5 Rb6 30. Rxc4 Rxb2 31. Kd3 Rxa3 32. Rc8+ Kg7 33. Rf3 Ra7 34. Rf2 Rd7+ 35. Kc4 Bxe3 36. Re2 Ba7 37. Rc6 e6 38. Bd3 Rxe2 39. Bxe2 Bf2 40. Kb5 Bxh4 41. c4 Bf2 42. c5 Rd5 43. Bf3 Rf5 44. Kc4 h4 45. Bg4 Rf4+ 46. Kb5 Rxg4 47. Rd6 Bxc5 48. Kxc5 Rxg2 49. Kd4 h3 50. Ke5 h2 51. Rd1 Rg1 52. Rd7 Re1+ 53. Kd6 Rd1+ 54. Ke7 Rxd7+ 55. Ke8 h1=Q 56. Kxd7 Qd5+ 57. Kc7 e5 0-1


[Site "https://www.chess.com"]

[Event "Titled Tuesday Blitz July 4 Early 2023"]
[White "Ozdemir, Serhan Berat"]
[Black "Flynn, Jacob"]
[WhiteFideId "6374611"]
[BlackFideId "2509393"]
[WhiteElo "2619"]
[BlackElo "2469"]
[Result "1-0"]
[Round "4"]
[TimeControl "180+2"]
[Date "2023.07.04"]
[WhiteClock "0:01:48"]
[BlackClock "0:01:08"]
[Board "115"]

1. e4 e5 2. Nf3 Nc6 3. d4 exd4 4. Bc4 Nf6 5. e5 d5 6. Bb5 Ne4 7. Nxd4 Bd7 8. Bxc6 bxc6 9. O-O Bc5 10. f3 Ng5 11. f4 Ne4 12. Be3 Bb6 13. Nd2 Nxd2 14. Qxd2 c5 15. Nf3 d4 16. Bf2 Bc6 17. Bh4 Qd7 18. f5 Qxf5 19. e6 O-O 20. Ng5 Qg4 21. Rf4 Qh5 22. e7 Rfe8 23. Nxf7 c4 24. Raf1 Bc5 25. Nd8 d3+ 26. Kh1 g5 27. Rf8+ Kg7 28. Ne6+ Kh6 29. R1f6+ 1-0


[Site "https://www.chess.com"]

[Event "Titled Tuesday Blitz July 4 Early 2023"]
[White "Skliarov, Viktor"]
[Black "Baches Garcia, Guillermo"]
[WhiteFideId "14106736"]
[BlackFideId "2209764"]
[WhiteElo "2615"]
[BlackElo "2465"]
[Result "1/2-1/2"]
[Round "4"]
[TimeControl "180+2"]
[Date "2023.07.04"]
[WhiteClock "0:00:07"]
[BlackClock "0:00:11"]
[Board "116"]

1. e4 d5 2. exd5 Qxd5 3. Nc3 Qa5 4. d4 Nf6 5. Bc4 Bg4 6. f3 Bd7 7. Bd2 Qb6 8. Nge2 e6 9. O-O Be7 10. Kh1 O-O 11. a4 a5 12. Bb3 Nc6 13. Be3 Nb4 14. Ne4 e5 15. Nxf6+ Qxf6 16. dxe5 Qxe5 17. Bd4 Qd6 18. Ng3 Be6 19. Bxe6 fxe6 20. Ne4 Qd5 21. c3 Nc6 22. Bf2 Rad8 23. Bg3 e5 24. Qe2 Qd3 25. Qxd3 Rxd3 26. Rfd1 Rfd8 27. Rxd3 Rxd3 28. Kg1 Kf7 29. Kf1 Ke6 30. Ke2 Rd8 31. Bf2 Rb8 32. c4 Nd4+ 33. Bxd4 exd4 34. Kd3 c5 35. Re1 Kf7 36. Nf2 Rc8 37. Ng4 Bf6 38. Re4 Rc6 39. Ne5+ Bxe5 40. Rxe5 b6 41. Rf5+ Rf6 42. Rh5 h6 43. Rd5 Ke7 44. Kd2 Rd6 45. Rf5 Rf6 46. Rd5 Rd6 47. Rf5 Rf6 48. Rd5 1/2-1/2


[Site "https://www.chess.com"]

[Event "Titled Tuesday Blitz July 4 Early 2023"]
[White "Heinemann, Josefine"]
[Black "Subelj, Jan"]
[WhiteFideId "12900460"]
[BlackFideId "14618583"]
[WhiteElo "2457"]
[BlackElo "2609"]
[Result "1/2-1/2"]
[Round "4"]
[TimeControl "180+2"]
[Date "2023.07.04"]
[WhiteClock "0:00:19"]
[BlackClock "0:00:13"]
[Board "117"]

1. d4 d6 2. e4 Nf6 3. Nc3 e5 4. dxe5 dxe5 5. Qxd8+ Kxd8 6. Bc4 Ke8 7. f4 Bb4 8. Bd3 Nbd7 9. Nf3 exf4 10. Bxf4 c6 11. O-O-O Nc5 12. Rhe1 Be6 13. a3 Bxc3 14. bxc3 Rd8 15. Nd4 Na4 16. Nxe6 fxe6 17. Bd2 e5 18. Bc4 Nc5 19. Be3 Rxd1+ 20. Rxd1 Nfxe4 21. Be2 Nxc3 22. Bh5+ g6 23. Re1 gxh5 24. Bxc5 Kf7 25. Rxe5 Re8 26. Rxe8 Kxe8 27. Bxa7 Kf7 28. Kd2 Nb5 29. Bc5 Ke6 30. c4 Nc7 31. Kd3 Kf5 32. Be3 Ne6 33. h3 h4 34. Bf2 Nf4+ 35. Kd4 Nxg2 36. Kc5 Kf4 37. Kb6 Kf3 38. Bc5 Kg3 39. Kxb7 Kxh3 40. a4 Kg3 41. a5 h3 42. Bg1 Ne1 43. a6 Kg2 44. a7 Kxg1 45. a8=Q h2 46. Qa1 Kf2 47. Qd4+ Kf1 48. Qf4+ Kg1 49. Qe3+ Kf1 50. Qf4+ Kg1 51. Qd4+ Kf1 52. Qf6+ Kg1 53. Qg5+ Kf1 54. Qf4+ 1/2-1/2


[Site "https://www.chess.com"]

[Event "Titled Tuesday Blitz July 4 Early 2023"]
[White "Itkis, Boris"]
[Black "cafu1950"]
[WhiteFideId "1209167"]
[WhiteElo "2437"]
[BlackElo "2604"]
[Result "1/2-1/2"]
[Round "4"]
[TimeControl "180+2"]
[Date "2023.07.04"]
[WhiteClock "0:00:10"]
[BlackClock "0:01:09"]
[Board "118"]

1. c4 Nf6 2. Nf3 g6 3. g3 Bg7 4. d4 O-O 5. Bg2 d6 6. O-O Nbd7 7. d5 e5 8. dxe6 fxe6 9. Nc3 e5 10. Ng5 Qe7 11. h4 Nb6 12. b3 Kh8 13. a4 a5 14. Be3 h6 15. Bxb6 hxg5 16. hxg5 Ng4 17. f3 cxb6 18. fxg4 Bxg4 19. Ne4 Rxf1+ 20. Qxf1 Bf5 21. Qc1 Rd8 22. Qe3 d5 23. cxd5 Rxd5 24. Nf6 Bxf6 25. gxf6 Qc5 26. Qxc5 Rxc5 27. Rd1 Be6 28. Be4 Kh7 29. Rd6 Bxb3 30. Rxb6 Bc2 31. Rxb7+ Kg8 32. Bxc2 Rxc2 33. Kf2 Rc4 34. Rg7+ Kf8 35. Rxg6 Kf7 36. Rh6 Rxa4 37. Kf3 Rb4 38. g4 Rf4+ 39. Kg3 a4 40. g5 a3 41. Rh7+ Kg6 42. Rg7+ Kh5 43. Ra7 Kxg5 44. Rxa3 Rxf6 45. Ra5 Kf5 46. Kf3 Rh6 47. e4+ Kf6 48. Ra6+ Kg5 49. Rxh6 Kxh6 50. Kg4 Kg6 51. Kh4 Kf6 52. Kh5 Ke6 53. Kg6 Ke7 54. Kf5 Kf7 55. Kxe5 Ke7 56. Kd4 Kd6 57. Kd3 Ke5 58. Ke3 Ke6 59. Kf4 Kf6 60. e5+ Ke6 61. Ke4 Ke7 62. Kd5 Kd7 63. e6+ Ke7 64. Ke5 Ke8 65. Kd6 Kd8 66. Kd5 Ke7 67. Ke5 Ke8 68. Kd6 Kd8 69. Kd5 Ke7 1/2-1/2


[Site "https://www.chess.com"]

[Event "Titled Tuesday Blitz July 4 Early 2023"]
[White "Sargsyan, Anna M."]
[Black "Avazkhonov, Alikhon"]
[WhiteFideId "13308130"]
[BlackFideId "14208504"]
[WhiteElo "2594"]
[BlackElo "2429"]
[Result "1-0"]
[Round "4"]
[TimeControl "180+2"]
[Date "2023.07.04"]
[WhiteClock "0:00:50"]
[BlackClock "0:00:19"]
[Board "119"]

1. d4 Nf6 2. c4 g6 3. g3 Bg7 4. Bg2 O-O 5. Nc3 d6 6. Nf3 Nbd7 7. O-O e5 8. h3 exd4 9. Nxd4 Re8 10. e4 a6 11. Re1 Rb8 12. Be3 c5 13. Nc2 Ne5 14. b3 b5 15. f4 Ned7 16. Qxd6 b4 17. Nd5 Nxe4 18. Bxe4 Bxa1 19. Bxc5 Nxc5 20. Qxb8 Bg7 21. Bg2 Bd4+ 22. Kh2 Rxe1 23. Nxe1 Kg7 24. Nf3 Bc3 25. Nb6 Nd7 26. Qxc8 Qxb6 27. Qxd7 Qf2 28. Ne5 1-0


[Site "https://www.chess.com"]

[Event "Titled Tuesday Blitz July 4 Early 2023"]
[White "Grossboss19"]
[Black "Tanaka, Taira Tyler"]
[BlackFideId "7002351"]
[WhiteElo "2418"]
[BlackElo "2588"]
[Result "1/2-1/2"]
[Round "4"]
[TimeControl "180+2"]
[Date "2023.07.04"]
[WhiteClock "0:00:10"]
[BlackClock "0:00:11"]
[Board "120"]

1. e4 e5 2. Nf3 Nc6 3. Bb5 a6 4. Ba4 d6 5. O-O f5 6. exf5 Bxf5 7. d4 b5 8. Bb3 Nf6 9. dxe5 dxe5 10. Ng5 Qxd1 11. Rxd1 Bc5 12. Be3 Bxe3 13. fxe3 h6 14. Nf3 Ke7 15. Nc3 Rad8 16. Nd5+ Nxd5 17. Rxd5 Rxd5 18. Bxd5 Nb4 19. e4 Kf6 20. Re1 Nxd5 21. exd5 e4 22. Nd2 Ke5 23. c4 Kd4 24. cxb5 axb5 25. Nf1 Kxd5 26. Ne3+ Ke5 27. Rc1 Be6 28. Rxc7 Kd4 29. Kf2 Ra8 30. a3 g5 31. Ke2 Bc4+ 32. Kd2 Rf8 33. Rd7+ Ke5 34. Nxc4+ bxc4 35. Ke3 Rb8 36. Re7+ Kf5 37. Rf7+ Ke6 38. Rc7 Rxb2 39. Kxe4 Rxg2 40. Rc6+ Kf7 41. Rxh6 c3 42. Kd3 c2 43. Rc6 Rxh2 44. Rxc2 Rh3+ 45. Ke4 Rxa3 46. Kf5 Ra5+ 47. Kg4 Kf6 48. Rc6+ Ke5 49. Kxg5 Kd5 50. Rf6 Kc5 51. Rf5+ Kb4 52. Rxa5 Kxa5 1/2-1/2


[Site "https://www.chess.com"]

[Event "Titled Tuesday Blitz July 4 Early 2023"]
[White "Krstulovic, Alex"]
[Black "Romero Ruscalleda, Josep"]
[WhiteFideId "760056"]
[BlackFideId "2231859"]
[WhiteElo "2583"]
[BlackElo "2418"]
[Result "1/2-1/2"]
[Round "4"]
[TimeControl "180+2"]
[Date "2023.07.04"]
[WhiteClock "0:00:10"]
[BlackClock "0:00:06"]
[Board "121"]

1. e4 g6 2. h4 d5 3. exd5 Qxd5 4. Nc3 Qa5 5. h5 Bg7 6. d4 Nc6 7. d5 Bxc3+ 8. bxc3 Qxc3+ 9. Bd2 Qe5+ 10. Be2 Nb8 11. c4 Nf6 12. hxg6 fxg6 13. Nf3 Qd6 14. Bc3 Bg4 15. Qd4 Nbd7 16. O-O O-O 17. Rae1 Qc5 18. Ng5 Bxe2 19. Rxe2 Qxd4 20. Bxd4 h6 21. Ne6 Rfc8 22. Nf4 Kf7 23. Rfe1 Re8 24. Ne6 Rac8 25. Bxa7 b6 26. Nd4 Nc5 27. Nc6 Ng8 28. f4 e6 29. g4 exd5 30. cxd5 Rxe2 31. Rxe2 Re8 32. Rxe8 Kxe8 33. Bb8 Kd7 34. Ne5+ Kc8 35. Bxc7 Kxc7 36. Nxg6 Kd6 37. g5 hxg5 38. fxg5 Kxd5 39. Nf4+ Ke4 40. Ne2 Ne7 41. Nc3+ Kd4 42. Nb5+ Ke3 43. Nd6 Kf4 44. Nc4 b5 45. Na3 b4 46. Nc2 Nd3 47. g6 Nxg6 48. Nxb4 Nxb4 49. a4 Na6 50. a5 Ne5 51. Kf2 Nc6 52. Ke2 Nxa5 1/2-1/2


[Site "https://www.chess.com"]

[Event "Titled Tuesday Blitz July 4 Early 2023"]
[White "Kim, Sergey"]
[Black "Topalov, Aleksandar"]
[WhiteFideId "13700570"]
[BlackFideId "925659"]
[WhiteElo "2570"]
[BlackElo "2379"]
[Result "1-0"]
[Round "4"]
[TimeControl "180+2"]
[Date "2023.07.04"]
[WhiteClock "0:00:17"]
[BlackClock "0:00:00"]
[Board "122"]

1. d4 Nf6 2. c4 c5 3. d5 d6 4. Nc3 g6 5. e4 Bg7 6. Nge2 O-O 7. Ng3 e6 8. Be2 exd5 9. cxd5 h5 10. Bg5 Qb6 11. Qd2 Nh7 12. Bh4 Re8 13. O-O Nd7 14. f4 Ndf8 15. Kh1 Bh6 16. a3 Bd7 17. Bc4 Qc7 18. Rae1 a6 19. a4 Qa5 20. Qc2 b5 21. axb5 axb5 22. Bd3 b4 23. Nd1 Qa4 24. Qe2 Bg7 25. Ne3 Qa2 26. Nc4 Ra6 27. Bb1 Qa4 28. Bd3 Bb5 29. h3 Bxc4 30. Bxc4 Rb6 31. b3 Qd7 32. Qf3 Rbb8 33. e5 dxe5 34. d6 Qxd6 35. fxe5 Bxe5 36. Qxf7+ 1-0


[Site "https://www.chess.com"]

[Event "Titled Tuesday Blitz July 4 Early 2023"]
[White "Ambartsumova, Karina"]
[Black "Kovacsy, Barnabas"]
[WhiteFideId "4166299"]
[BlackFideId "769290"]
[WhiteElo "2568"]
[BlackElo "2358"]
[Result "1-0"]
[Round "4"]
[TimeControl "180+2"]
[Date "2023.07.04"]
[WhiteClock "0:00:13"]
[BlackClock "0:00:01"]
[Board "123"]

1. Nf3 Nf6 2. d4 g6 3. g3 Bg7 4. Bg2 O-O 5. O-O d5 6. c4 c6 7. b3 a5 8. Nc3 Na6 9. Bb2 Nc7 10. Rc1 Bf5 11. Ne5 Ng4 12. Nf3 Nf6 13. cxd5 Ncxd5 14. Nh4 Nxc3 15. Bxc3 Bg4 16. h3 Be6 17. e4 g5 18. Nf5 Bxf5 19. exf5 Nd5 20. Bd2 h6 21. Kh2 Qd7 22. f4 gxf4 23. Bxf4 Nxf4 24. Rxf4 Bf6 25. Qh5 Kh7 26. h4 Qe8 27. g4 Qb8 28. Rf1 Bxd4 29. g5 Bg7 30. f6 exf6 31. Be4+ Kg8 32. gxf6 Re8 33. Qg4 Rxe4 34. Qxg7# 1-0


[Site "https://www.chess.com"]

[Event "Titled Tuesday Blitz July 4 Early 2023"]
[White "Todorovic, Bojan"]
[Black "Perez Candelario, Manuel"]
[WhiteFideId "917087"]
[BlackFideId "2210622"]
[WhiteElo "2354"]
[BlackElo "2566"]
[Result "0-1"]
[Round "4"]
[TimeControl "180+2"]
[Date "2023.07.04"]
[WhiteClock "0:00:00"]
[BlackClock "0:00:26"]
[Board "124"]

1. d4 d5 2. c4 e6 3. Nc3 Nf6 4. cxd5 exd5 5. Bg5 Be7 6. e3 h6 7. Bf4 O-O 8. Bd3 b6 9. Qc2 c5 10. Nf3 Bb7 11. O-O Nbd7 12. h3 a6 13. Rad1 c4 14. Be2 b5 15. a3 Re8 16. Ne5 Qb6 17. Bf3 Rad8 18. Qf5 Qe6 19. Qxe6 fxe6 20. Nxd7 Rxd7 21. g4 Bc6 22. h4 a5 23. g5 hxg5 24. hxg5 Nh7 25. Bh5 Ra8 26. Bg4 Nf8 27. Ra1 Rda7 28. Kg2 b4 29. Ne2 Kf7 30. Bg3 c3 31. bxc3 bxa3 32. Nf4 Bxg5 33. Nd3 Bf6 34. Rxa3 a4 35. Rb1 Rb7 36. Rxb7+ Bxb7 37. Nc5 Bc6 38. Bd1 Be7 39. Bc7 Bxc5 40. dxc5 Nd7 41. Bd6 Nf6 42. f3 Nd7 43. Kf2 Ra5 44. Ke2 Nxc5 45. Kd2 Nd7 46. Bc2 Ra6 47. Bb4 Bb5 48. Bd1 Nb6 49. Ra2 Nc4+ 0-1


[Site "https://www.chess.com"]

[Event "Titled Tuesday Blitz July 4 Early 2023"]
[White "Roebers, Eline"]
[Black "Rian, Kapriaga"]
[WhiteFideId "1058401"]
[BlackFideId "7103263"]
[WhiteElo "2560"]
[BlackElo "2351"]
[Result "1-0"]
[Round "4"]
[TimeControl "180+2"]
[Date "2023.07.04"]
[WhiteClock "0:00:37"]
[BlackClock "0:00:00"]
[Board "125"]

1. e4 c6 2. Nf3 d5 3. Nc3 dxe4 4. Nxe4 Nf6 5. Qe2 Nxe4 6. Qxe4 Qd5 7. Qf4 Qf5 8. Qg3 Qg4 9. d4 Qxg3 10. hxg3 Bf5 11. c3 e6 12. Bc4 Nd7 13. Bf4 Be7 14. Kd2 h6 15. Ne5 Nxe5 16. Bxe5 O-O 17. f3 Rfd8 18. g4 Bg6 19. Ke2 b5 20. Bb3 c5 21. dxc5 Bxc5 22. Rad1 a5 23. a4 b4 24. Bc4 Bc2 25. Rxd8+ Rxd8 26. Bc7 Rc8 27. Bxa5 bxc3 28. Bxc3 Bxa4 29. Ra1 Bc2 30. Bd3 Bb3 31. Ra5 Be7 32. Ra7 Bf6 33. Bxf6 gxf6 34. Rb7 Bd5 35. Rb4 Kg7 36. Kd2 Rd8 37. Kc3 Rc8+ 38. Kd4 Rd8 39. Ke3 Rc8 40. Ra4 Rb8 41. b4 Bb3 42. Ra1 Rxb4 43. Rb1 Rb7 44. Be4 Bd5 45. Rxb7 Bxb7 46. Bxb7 Kg6 47. Kf4 e5+ 48. Kg3 f5 49. gxf5+ Kxf5 50. Be4+ Kg5 51. Kh3 f5 52. Bc2 h5 53. g3 f4 54. g4 hxg4+ 55. fxg4 1-0


[Site "https://www.chess.com"]

[Event "Titled Tuesday Blitz July 4 Early 2023"]
[White "Mikhaylova, Irina"]
[Black "Mortazavi, Ali"]
[WhiteFideId "4109040"]
[BlackFideId "401323"]
[WhiteElo "2336"]
[BlackElo "2553"]
[Result "0-1"]
[Round "4"]
[TimeControl "180+2"]
[Date "2023.07.04"]
[WhiteClock "0:00:36"]
[BlackClock "0:01:34"]
[Board "126"]

1. Nf3 Nf6 2. c4 g6 3. Nc3 Bg7 4. e4 d6 5. d4 O-O 6. Be2 Bg4 7. Be3 Nbd7 8. O-O e5 9. d5 a5 10. a3 b6 11. b4 Nh5 12. h3 Bxf3 13. Bxf3 Nf4 14. Qd2 f5 15. Rac1 Kh8 16. exf5 axb4 17. axb4 gxf5 18. Nb5 Ng6 19. Bg5 Bf6 20. Bxf6+ Rxf6 21. g3 e4 22. Bg2 Nge5 23. f4 Nd3 24. Ra1 Rc8 25. Ra7 h5 26. h4 Qg8 27. Kh2 Rg6 28. Bh3 Rxg3 29. Bxf5 Nf6 30. Qb2 Nxb2 0-1


[Site "https://www.chess.com"]

[Event "Titled Tuesday Blitz July 4 Early 2023"]
[White "Vasques, Antonio Pedro Freixial"]
[Black "Golubev, Mikhail"]
[WhiteFideId "1908332"]
[BlackFideId "14100983"]
[WhiteElo "2314"]
[BlackElo "2552"]
[Result "0-1"]
[Round "4"]
[TimeControl "180+2"]
[Date "2023.07.04"]
[WhiteClock "0:00:15"]
[BlackClock "0:00:20"]
[Board "127"]

1. e4 c5 2. Nc3 e6 3. Nf3 a6 4. d4 cxd4 5. Nxd4 Qc7 6. g3 Nf6 7. Bg2 d6 8. O-O Bd7 9. a4 Nc6 10. Nb3 Be7 11. a5 O-O 12. g4 d5 13. exd5 exd5 14. Nxd5 Nxd5 15. Bxd5 Rad8 16. Bg2 Nb4 17. Bd2 Bc6 18. Qe2 Bb5 19. c4 Bxc4 20. Rfc1 Nd3 21. Rc3 Bf6 22. Rc2 Rfe8 23. Qf3 Ne5 24. Qg3 Qd6 25. Bf4 Qd3 26. Bxe5 Qxc2 27. Nd4 Rxd4 28. Bxd4 0-1


[Site "https://www.chess.com"]

[Event "Titled Tuesday Blitz July 4 Early 2023"]
[White "Andreassen, Lars"]
[Black "lagarto93"]
[WhiteFideId "1504878"]
[WhiteElo "2239"]
[BlackElo "2552"]
[Result "1-0"]
[Round "4"]
[TimeControl "180+2"]
[Date "2023.07.04"]
[WhiteClock "0:01:02"]
[BlackClock "0:01:02"]
[Board "128"]

1. d4 e6 2. Nf3 Nf6 3. Bg5 d5 4. e3 c5 5. c3 Nbd7 6. Bd3 Be7 7. O-O Ne4 8. Bxe7 Qxe7 9. Nbd2 Nd6 10. Re1 O-O 11. Qe2 c4 12. Bc2 f5 13. b3 b6 14. bxc4 Ba6 15. Bd3 dxc4 16. Nxc4 Bxc4 17. Bxc4 Rac8 18. Bb3 Rxc3 19. Rac1 Rfc8 20. Rxc3 Rxc3 21. Qd2 Ne4 22. Qb2 Ndf6 23. Rc1 Rxc1+ 24. Qxc1 Nd6 25. Ne5 g6 26. f3 Nd5 27. Bxd5 exd5 28. Qc6 Qe6 29. Qa8+ Ne8 30. Qxa7 Qd6 31. Qf7+ 1-0


[Site "https://www.chess.com"]

[Event "Titled Tuesday Blitz July 4 Early 2023"]
[White "Parpiev, Isaak"]
[Black "Kovacevic, Radmila"]
[WhiteFideId "34281576"]
[BlackFideId "933171"]
[WhiteElo "2547"]
[BlackElo "2216"]
[Result "1-0"]
[Round "4"]
[TimeControl "180+2"]
[Date "2023.07.04"]
[WhiteClock "0:00:52"]
[BlackClock "0:00:19"]
[Board "129"]

1. e4 e5 2. Nf3 d5 3. Nc3 dxe4 4. Nxe5 Bd6 5. d4 Bxe5 6. dxe5 Qxd1+ 7. Nxd1 Nc6 8. Bf4 Nge7 9. Nc3 Ng6 10. Bg3 Ncxe5 11. Nxe4 f5 12. Bxe5 Nxe5 13. Nc3 O-O 14. O-O-O Ng4 15. Rd2 Be6 16. h3 Nf6 17. Be2 Rad8 18. Rxd8 Rxd8 19. Bf3 c6 20. a4 Kf7 21. a5 Nd5 22. Na4 b5 23. Nc5 Bc8 24. Rd1 Ke7 25. Bxd5 Rxd5 26. Rxd5 cxd5 27. f4 d4 28. Kd2 Be6 29. Kd3 Bc4+ 30. Kxd4 Bf1 31. Ke5 Bxg2 32. h4 Bh3 33. c3 Bg4 34. b4 Bh3 35. Nb3 g6 36. Nd4 a6 37. Nc6+ Kd7 38. Nb8+ Kc7 39. Nxa6+ Kb7 40. Nc5+ Ka7 41. Ne6 h6 42. Nf8 g5 43. fxg5 hxg5 44. hxg5 Bf1 45. Kxf5 Kb7 46. Ne6 Kc6 47. g6 Bd3+ 48. Kf6 Kd5 49. Nf4+ Kc4 50. Nxd3 Kxd3 51. g7 Kxc3 52. g8=Q Kxb4 53. a6 1-0


[Site "https://www.chess.com"]

[Event "Titled Tuesday Blitz July 4 Early 2023"]
[White "Bilan, Danila"]
[Black "Gyulamiryan-koryun"]
[WhiteFideId "24161918"]
[WhiteElo "2539"]
[BlackElo "1686"]
[Result "1-0"]
[Round "4"]
[TimeControl "180+2"]
[Date "2023.07.04"]
[WhiteClock "0:00:04"]
[BlackClock "0:00:13"]
[Board "130"]

1. d4 Nf6 2. Nf3 d5 3. c4 e6 4. Nc3 c6 5. Bg5 Nbd7 6. cxd5 exd5 7. e3 Bd6 8. Bd3 O-O 9. Qc2 g6 10. O-O Re8 11. Rab1 Nf8 12. b4 Ne6 13. Bh4 Ng7 14. b5 Nf5 15. bxc6 bxc6 16. Bg3 h5 17. Bxd6 Nxd6 18. Na4 Bd7 19. Ne5 Rc8 20. Bxg6 fxg6 21. Qxg6+ Kf8 22. Rb7 Qe7 23. Rxa7 Ra8 24. Rxa8 Rxa8 25. Nc5 Bf5 26. Qh6+ Qg7 27. Qf4 Rxa2 28. Nxc6 Nfe8 29. Ne5 Kg8 30. h3 Ra7 31. Nf3 Rf7 32. Kh2 Be4 33. Qg5 Bxf3 34. Qxg7+ Kxg7 35. gxf3 Rxf3 36. Rg1+ Kf7 37. Kg2 Rf6 38. Ra1 Ne4 39. Ra7+ Kg6 40. Nd7 Rxf2+ 41. Kg1 Rf3 42. Ne5+ Kh6 43. Nxf3 N8f6 44. Ra6 Kg7 45. Kg2 Nd2 46. Nxd2 1-0


[Site "https://www.chess.com"]

[Event "Titled Tuesday Blitz July 4 Early 2023"]
[White "Zherebukh, Yaroslav"]
[Black "Tagliata"]
[WhiteFideId "14116804"]
[WhiteElo "2859"]
[BlackElo "2170"]
[Result "1/2-1/2"]
[Round "4"]
[TimeControl "180+2"]
[Date "2023.07.04"]
[WhiteClock "0:00:29"]
[BlackClock "0:00:09"]
[Board "131"]

1. e4 c5 2. b4 cxb4 3. a3 d5 4. exd5 Qxd5 5. Nf3 e6 6. c4 bxc3 7. Nxc3 Qd8 8. d4 Nf6 9. Bd3 Be7 10. h4 Nc6 11. h5 h6 12. Rb1 O-O 13. Ne2 Nd5 14. g4 e5 15. Rg1 exd4 16. g5 hxg5 17. Nxg5 Bxg5 18. Bxg5 Qd6 19. Bc2 Ne5 20. Rg3 Bg4 21. Qxd4 Qe6 22. h6 gxh6 23. Bxh6 Rfe8 24. Be3 Nf3+ 25. Rxf3 Bxf3 26. Nf4 Nxf4 27. Qxf4 Be4 28. Bb3 Qg6 29. Rc1 Rac8 30. Rxc8 Rxc8 31. Bxf7+ Qxf7 32. Qg4+ Bg6 33. Qxc8+ Kh7 34. Qh3+ Bh5 35. Bxa7 Qe7+ 36. Kf1 Qe2+ 37. Kg1 Qg4+ 38. Kh2 Qxh3+ 39. Kxh3 Bf3 40. Kg3 Bc6 41. Kf4 Kg6 42. Ke5 Kf7 43. f4 Ke7 44. Bc5+ Kf7 45. Bb6 Ke7 46. f5 Kf7 47. Bd4 Bf3 48. Kd6 Bc6 49. Kc7 Be4 50. a4 Bd5 51. a5 Be4 52. f6 Bd5 53. Kd6 Be4 54. Ke5 Bc6 55. Kd6 Be4 56. Bc3 Bf3 57. Bb2 Bg2 58. Bd4 Bf3 59. Be5 Be4 60. Kc7 Bf3 61. Kb6 Be4 62. Bd4 Bf3 63. Kc5 Be4 64. Kd6 Bf3 65. Kc7 Bg2 66. Bc3 Bf3 67. Bb2 Be4 68. Ba1 Bf3 69. Be5 Be4 70. Bd4 Bf3 71. Kd6 Be4 1/2-1/2


[Site "https://www.chess.com"]

[Event "Titled Tuesday Blitz July 4 Early 2023"]
[White "Svane, Frederik"]
[Black "Streltsov, Alexey"]
[WhiteFideId "12923044"]
[BlackFideId "24104434"]
[WhiteElo "2808"]
[BlackElo "2427"]
[Result "1-0"]
[Round "4"]
[TimeControl "180+2"]
[Date "2023.07.04"]
[WhiteClock "0:01:49"]
[BlackClock "0:01:46"]
[Board "132"]

1. g3 d5 2. Bg2 e5 3. d3 Nc6 4. Nf3 Be6 5. O-O Qd7 6. Ng5 Bg4 7. h3 Bh5 8. g4 Bg6 9. e4 Nf6 10. exd5 Nxd5 11. Nc3 Nxc3 12. bxc3 f6 13. Ne4 h5 14. Rb1 hxg4 15. hxg4 Rb8 16. Qf3 Bd6 17. Be3 O-O 18. Ng3 Nd8 19. Nf5 b6 20. Nxd6 cxd6 21. a4 Qxa4 22. Qd5+ Bf7 23. Qxd6 Qxc2 24. Qxb8 Qxc3 25. Qxa7 Qxd3 26. Qxb6 Qg6 27. Qb4 Ne6 28. Qe4 Nf4 29. Bxf4 exf4 30. Qxf4 Be6 31. Bf3 1-0


[Site "https://www.chess.com"]

[Event "Titled Tuesday Blitz July 4 Early 2023"]
[White "Mikhailovsky, Vladimir"]
[Black "Mickiewicz, Piotr"]
[WhiteFideId "34105414"]
[BlackFideId "1114891"]
[WhiteElo "2808"]
[BlackElo "2426"]
[Result "1-0"]
[Round "4"]
[TimeControl "180+2"]
[Date "2023.07.04"]
[WhiteClock "0:00:05"]
[BlackClock "0:00:06"]
[Board "133"]

1. e4 e5 2. Nf3 Nc6 3. Nc3 Nf6 4. d4 exd4 5. Nxd4 Bb4 6. Nxc6 bxc6 7. Bd3 O-O 8. O-O d5 9. exd5 cxd5 10. h3 c6 11. Qf3 Rb8 12. Bf4 Bd6 13. b3 Rb4 14. Ne2 Bxf4 15. Nxf4 Qd6 16. c4 a5 17. Rad1 a4 18. Rfe1 axb3 19. axb3 g6 20. Bc2 Kg7 21. Qc3 Kg8 22. Nd3 Rb8 23. Ne5 Nd7 24. Ng4 h5 25. Ne3 Nf6 26. c5 Qd8 27. Nc4 Ba6 28. Nd6 Nd7 29. Qg3 Qf6 30. Re3 Nxc5 31. Rf3 Qg7 32. Nxf7 Ne4 33. Bxe4 dxe4 34. Rf4 Rbe8 35. Rd7 e3 36. fxe3 Qa1+ 37. Kh2 Qg7 38. Qg5 Re6 39. Nh6+ Kh7 40. Rxg7+ Kxg7 41. Rxf8 Kxf8 42. Qd8+ Kg7 43. Qd7+ Kf6 44. Ng8+ Ke5 45. Qd4+ Kf5 46. Qf4# 1-0


[Site "https://www.chess.com"]

[Event "Titled Tuesday Blitz July 4 Early 2023"]
[White "Hoffmann, Asa"]
[Black "Hambleton, Aman"]
[WhiteFideId "2001470"]
[BlackFideId "2606577"]
[WhiteElo "2423"]
[BlackElo "2774"]
[Result "0-1"]
[Round "4"]
[TimeControl "180+2"]
[Date "2023.07.04"]
[WhiteClock "0:00:50"]
[BlackClock "0:00:04"]
[Board "134"]

1. d4 e5 2. Nf3 e4 3. Nfd2 d5 4. Nb3 Bd6 5. g3 Nf6 6. Bg2 c6 7. Bg5 h6 8. Bxf6 Qxf6 9. e3 h5 10. N1d2 h4 11. Qe2 Qg6 12. O-O-O h3 13. Bf1 Bg4 14. Qe1 Bxd1 15. Qxd1 Nd7 16. Be2 f5 17. c4 Nf6 18. Kb1 O-O 19. a3 Kh8 20. Ka2 a6 21. Nb1 b5 22. cxd5 cxd5 23. Nc3 Rfc8 24. Qd2 Rab8 25. Rc1 b4 26. Nb1 bxa3 27. bxa3 Qe8 28. Bxa6 Rxc1 29. Qxc1 Qa4 30. Qc3 Qxa6 31. N1d2 Ng4 32. Nc5 Bxc5 33. dxc5 Qd3 34. Qxd3 exd3 35. c6 Nxh2 36. c7 Rc8 37. Kb3 Ng4 38. Kc3 h2 39. Nf3 h1=Q 40. Ng5 Rxc7+ 41. Kd4 Rc4+ 42. Kxd3 Qd1# 0-1


[Site "https://www.chess.com"]